 Dungeon Crawl Stone Soup version 0.25.0-1-g7eea58d2a3 (webtiles) character file.

Game seed: 671594981316546149

596545 HungrySpirit the Formicid Blade (level 27, -3/207 HPs)
             Began as a Formicid Gladiator on June 13, 2020.
             Was the Champion of Makhleb.
             Slain by Jeot Dio the pandemonium lord (36 damage)
             ... on level 10 of the Dungeon.
             The game lasted 03:46:02 (72767 turns).

HungrySpirit the Formicid Blade (FoGl)             Turns: 72767, Time: 03:46:03

Health: -3/207     AC: 30    Str: 25      XL:     27
Magic:  33/33      EV: 21    Int:  6 (10) God:    Makhleb [******]
Gold:   2505       SH: 20    Dex: 17      Spells: 26/26 levels left

rFire    + + +     SeeInvis +   u - +8 great sword (vorpal)
rCold    + . .     Gourm    .   r - +0 kite shield {rC+ rF+}
rNeg     + . .     Faith    .   V - +7 fire dragon scales
rPois    .         Spirit   .   (helmet unavailable)
rElec    +         Reflect  +   P - +1 cloak {rC+}
rCorr    .         Harm     .   t - +2 pair of gloves
MR       ++...                  y - +1 pair of boots {Stlth+}
Stlth    +.........             O - amulet of reflection
HPRegen  0.00/turn              z - ring of Xom's Amusement {+Inv rElec Dex+4 SInv}
MPRegen  0.23/turn              c - ring of positive energy

@: no status effects
A: permanent stasis, dig shafts and tunnels, four strong arms, antennae 3,
yellow scales 1, camouflage 1, blurry vision 1, clumsy 1, deformed body, dopey
1, fire resistance 1, frail 1, low mp 1, screaming 1, inhibited regeneration
0: Orb of Zot
}: 3/15 runes: barnacled, abyssal, gossamer
a: Dig, Shaft Self, Minor Destruction, Lesser Servant of Makhleb, Major
Destruction, Greater Servant of Makhleb, Renounce Religion, Evoke Invisibility


You were on level 10 of the Dungeon.
You worshipped Makhleb.
Makhleb was exalted by your worship.
You were not hungry.

You visited 9 branches of the dungeon, and saw 46 of its levels.
You visited the Abyss 1 time.
You also visited: Gauntlet and Ice Cave.

You collected 5576 gold pieces.
You spent 3071 gold pieces at shops.

Inventory:

Hand Weapons
 u - a +8 vorpal great sword (weapon)
 K - a +4 great sword of flaming
 Y - a +7 great sword of holy wrath
Armour
 r - a +0 kite shield of resistance (worn)
 t - a +2 pair of gloves (worn)
 y - a +1 pair of boots of stealth (worn)
 G - the cursed +0 kite shield of Ewnov {rCorr Stlth+}
   (You took it off Asterion on level 15 of the Dungeon)

   It provides partial protection from all sources of acid and corrosion.
   It makes you more stealthy.
   It has a curse placed upon it.
 P - a +1 cloak of cold resistance (worn)
 V - +7 fire dragon scales (worn)
Jewellery
 c - a ring of positive energy (right hand)
 e - an uncursed amulet of regeneration
 i - the ring of Jueceu {Wiz rPois}
   (You found it on level 5 of the Lair of Beasts)

   [ring of wizardry]

   It improves your spell success rate.
   It protects you from poison.
 s - an uncursed ring of protection from magic
 z - the ring of Xom's Amusement (left hand) {+Inv rElec Dex+4 SInv}
   (You acquired it on level 2 of the Depths)

   [ring of dexterity]

   It affects your dexterity (+4).
   It insulates you from electricity.
   It lets you see invisible.
   It lets you turn invisible.
 C - an uncursed ring of flight
 O - an amulet of reflection (around neck)
 W - an uncursed ring of protection from fire
Wands
 j - a wand of digging (23)
 B - a wand of polymorph (28)
 F - a wand of flame (71)
 J - a wand of random effects (105)
 M - a wand of iceblast (45)
 R - a wand of enslavement (7)
 U - a wand of clouds (3)
Scrolls
 f - 25 scrolls of remove curse
 o - 4 scrolls of magic mapping
 p - 15 scrolls of identify
 x - 9 scrolls of amnesia
 A - 2 scrolls of fear
 D - 2 scrolls of holy word
 L - 4 scrolls of vulnerability
 S - 7 scrolls of immolation
 T - a scroll of silence
Potions
 a - 3 potions of ambrosia
 b - 10 potions of flight
 g - 10 potions of lignification
 h - 2 potions of resistance
 k - 4 potions of mutation
 l - 5 potions of magic
 m - 9 potions of curing
 n - 9 potions of stabbing
 q - 2 potions of cancellation
 v - a potion of might
 E - a potion of invisibility
 H - a potion of brilliance
Miscellaneous
 Q - a tin of tremorstones (3/3)
 X - a phantom mirror
Comestibles
 d - 45 rations


   Skills:
 + Level 22.3 Fighting
 + Level 25.2 Long Blades
 - Level 2.0 Throwing
 + Level 21.8 Armour
 - Level 16.0 Dodging
 - Level 15.0 Shields
 * Level 20.4 Invocations
 - Level 5.0 Evocations


You had 26 spell levels left.
You didn't know any spells.
Your spell library contained the following spells:

 Spells                   Type           Power        Failure   Level  Hunger
 Animate Skeleton         Necr           N/A          65%         1    ##.....
 Apportation              Tloc           #.....       65%         1    ##.....
 Corona                   Hex            #......      65%         1    ##.....
 Infusion                 Chrm           #...         65%         1    ##.....
 Sandblast                Erth           #.....       65%         1    ##.....
 Sting                    Tmut/Pois      #...         65%         1    ##.....
 Summon Small Mammal      Summ           #...         65%         1    ##.....
 Call Imp                 Summ           #.......     78%         2    ###....
 Poisonous Vapours        Pois/Air       #.....       78%         2    ###....
 Shroud of Golubria       Chrm/Tloc      #.....       78%         2    ###....
 Slow                     Hex            #.......     78%         2    ###....
 Song of Slaying          Chrm           #.......     78%         2    ###....
 Sublimation of Blood     Necr           #.........   78%         2    ###....
 Call Canine Familiar     Summ           #.......     95%         3    ####...
 Frozen Ramparts          Ice            #.....       95%         3    ####...
 Ignite Poison            Fire/Tmut/Pois #.......     95%         3    ####...
 Inner Flame              Hex/Fire       #.......     95%         3    ####...
 Mephitic Cloud           Conj/Pois/Air  #.......     95%         3    ####...
 Ozocubu's Armour         Chrm/Ice       #.......     95%         3    ####...
 Portal Projectile        Hex/Tloc       #.....       95%         3    ####...
 Recall                   Summ/Tloc      N/A          95%         3    ####...
 Spectral Weapon          Hex/Chrm       #.......     95%         3    ####...
 Summon Guardian Golem    Hex/Summ       #.......     95%         3    ####...
 Animate Dead             Necr           N/A          100%        4    #####..
 Cause Fear               Hex            #.........   100%        4    #####..
 Leda's Liquefaction      Hex/Erth       #.........   100%        4    #####..
 Olgreb's Toxic Radiance  Pois           #.......     100%        4    #####..
 Petrify                  Tmut/Erth      #.......     100%        4    #####..
 Summon Ice Beast         Ice/Summ       #.......     100%        4    #####..
 Summon Lightning Spire   Summ/Air       #.......     100%        4    #####..
 Alistair's Intoxication  Tmut/Pois      #.......     100%        5    ######.
 Bolt of Magma            Conj/Fire/Erth #.........   100%        5    ######.
 Borgnjor's Vile Clutch   Necr/Erth      #.........   100%        5    ######.
 Irradiate                Conj/Tmut      #.........   100%        5    ######.
 Iskenderun's Battlesphe  Conj/Chrm      #.......     100%        5    ######.
 Death Channel            Necr           #.........   100%        6    #######
 Eringya's Noxious Bog    Tmut/Pois      #.........   100%        6    #######
 Hydra Form               Tmut           #.........   100%        6    #######
 Iron Shot                Conj/Erth      #.........   100%        6    #######
 Ozocubu's Refrigeration  Ice            #.........   100%        6    #######
 Simulacrum               Ice/Necr       #.........   100%        6    #######
 Statue Form              Tmut/Erth      #........    100%        6    #######
 Dragon Form              Tmut           #.........   100%        7    #######
 Haunt                    Necr/Summ      #.........   100%        7    #######
 Orb of Destruction       Conj           #.........   100%        7    #######
 Spellforged Servitor     Conj/Summ      #.........   100%        7    #######
 Borgnjor's Revivificati  Necr           #.........   100%        8    #######
 Death's Door             Chrm/Necr      #.........   100%        8    #######
 Infestation              Necr           #.........   100%        8    #######
 Necromutation            Tmut/Necr      #.........   100%        8    #######


Dungeon Overview and Level Annotations

Branches:
Dungeon (15/15)            Temple (1/1) D:5            Lair (6/6) D:10
 Shoals (4/4) Lair:2       Spider (4/4) Lair:4        Slime (0/5) Lair:6
    Orc (2/2) D:10            Elf (0/3) Orc:2        Vaults (4/5) D:13
  Crypt (0/3) Vaults:2     Depths (5/5) D:15            Zot (5/5) Depths:5
  IceCv (visited)         Gauntlet (visited)

Altars:
Ashenzari
Cheibriados
Dithmenos
Elyvilon
Fedhas
Gozag
Hepliaklqana
Kikubaaqudgha
Makhleb
Nemelex Xobeh
Okawaru
Qazlal
Ru
Sif Muna
Trog
Uskayaw
Vehumet
Wu Jian
Xom
Yredelemnul
Zin
The Shining One
Beogh
Jiyva

Shops:
D:11 (   D:12 !   D:14 !   D:15 }   Orc:2 (((}   Vaults:2 ([   Vaults:3 *
Vaults:4 %[}   Depths:3 !   Depths:5 [

Portals:
Hell: Depths:1 Depths:2 Depths:3 Depths:4 Depths:5
Abyss: Spider:1 Depths:3 Depths:4
Pandemonium: Depths:1 Depths:3
Ziggurat: Depths:5

Annotations:
D:14 exclusion: orange crystal statue
Lair:5 3 runed translucent doors, Ruewk's ghost, journeyman CeAM
Shoals:2 exclusion: upstairs
Shoals:3 Polyphemus
Spider:1 2 transporters, Cumomo's ghost, adept SpEn
Vaults:4 1 runed translucent door, Xafer's ghost, adept DsGl
Depths:5 exclusion: orange crystal statue
Zot:5 exclusion: obsidian statue


Innate Abilities, Weirdness & Mutations

You cannot be hasted, slowed, berserked, paralysed or teleported.
You can dig through walls and to a lower floor.
Your four strong arms can wield two-handed weapons with a shield.
You have a pair of large antennae on your head. (SInv)
You are partially covered in yellow scales. (AC +2)
Your skin changes colour to match your surroundings (Stealth+).
Scrolls take you a little longer to read.
You are clumsy. (Dex -2)
Armour fits poorly on your strangely shaped body.
You are dopey. (Int -2)
Your flesh is heat resistant. (rF+)
You are frail. (-10% HP)
Your magical capacity is low. (-10% MP)
You occasionally shout uncontrollably at your foes.
You do not regenerate when monsters are visible.


Message History

You slash Jeot Dio!
Jeot Dio is moderately wounded.
Jeot Dio hits you but does no damage.
You hit Jeot Dio but do no damage.
Jeot Dio is lightly wounded.
You block Jeot Dio's attack.
You hit Jeot Dio but do no damage.
Jeot Dio is lightly wounded.
You block Jeot Dio's attack.
You slash Jeot Dio!
Jeot Dio is moderately wounded.
Jeot Dio hits you!!
You completely miss Jeot Dio.
Jeot Dio is moderately wounded.
Jeot Dio hits you!!!
* * * LOW HITPOINT WARNING * * *
You hit Jeot Dio but do no damage.
Jeot Dio is moderately wounded.
Jeot Dio hits you!!!
You die...

### #.######.......
#.###.......P......
##|##.#####........
##.##...............
#.1>...####.........
#.##{..# #..........
#.#{#..###.........P
#.&##.....P.........
#.#@#.####........>.
#.###.####..........
#.)...........(.....
#####.......P.......
######.P.P......
#..P.P....[
#..P....PP.
####.#.....PP.
##.##.##.P...).


You could see Jeot Dio.

Vanquished Creatures
  8 orbs of fire
  Mara (Depths:3)
  3 ancient liches (Zot:5)
  8 Killer Klowns
  Saint Roka (Vaults:1)
  3 curse toes (Zot:3)
  4 golden dragons
  Arachne (Spider:2)
  3 bone dragons
  3 electric golems
  Rupert (D:13)
  12 liches
  5 tentacled monstrosities
  26 Orb Guardians
  7 quicksilver dragons
  Asterion (D:15)
  A titan (Depths:3)
  8 death cobs
  4 tentacled starspawn (Abyss:3)
  2 sphinxes
  An acid blob (Depths:4)
  9 shadow dragons
  A thorn hunter (Depths:4)
  Gastronok (Lair:1)
  12 storm dragons
  Roxanne (D:15)
  9 draconian monks
  A revenant (Abyss:3)
  3 nagarajas (Depths:2)
  5 draconian knights
  2 tengu reavers
  5 fire giants
  A balrug (Depths:5)
  2 deep elf sorcerers
  3 frost giants
  9 vault wardens
  3 ghost moths
  7 draconian shifters
  3 draconian scorchers
  Louise (Depths:4)
  3 draconian stormcallers
  8 emperor scorpions
  2 caustic shrike skeletons (Depths:3)
  2 draconian annihilators
  10 ironheart preservers
  8 very ugly things
  A juggernaut skeleton (Depths:3)
  17 stone giants
  6 entropy weavers
  7 red draconians
  7 green draconians
  A deep elf demonologist (Vaults:4)
  11 yellow draconians
  A lorocyproca (Depths:1)
  15 black draconians
  A vampire knight (Vaults:3)
  18 spark wasps
  A minotaur (Gauntlet)
  15 white draconians
  2 deep elf death magi
  Snorg (Lair:4)
  8 ettins
  A deep elf annihilator (Vaults:3)
  13 purple draconians
  Josephine (Lair:5)
  4 merfolk impalers (Shoals:4)
  9 fire dragons
  5 merfolk javelineers
  5 jiangshi
  A green death (Depths:2)
  5 naga warriors (Depths:2)
  8 yaktaur captains
  A deep elf high priest (Depths:4)
  9 hydras
  6 vault guards (Vaults:3)
  11 great orbs of eyes
  Harold (D:7)
  4 rakshasas
  Fannar (D:10)
  9 ice dragons
  A merfolk avatar (Shoals:4)
  A hell beast (Depths:1)
  A catoblepas (Shoals:3)
  2 death knights
  12 centaur warriors
  A spriggan air mage (Depths:5)
  4 deep troll shamans
  69 two-headed ogres
  22 ogre magi
  3 alligator snapping turtles (Shoals:4)
  3 merfolk aquamancers
  2 tengu warriors (Depths:1)
  A two-headed ogre (shapeshifter) (D:15)
  2 deep troll earth magi
  3 satyrs
  3 vampire magi
  5 thrashing horrors (Abyss:3)
  An orc high priest (Orc:2)
  3 death yaks
  A hell hog (Abyss:3)
  2 deep elf knights
  A storm dragon zombie (Depths:2)
  Urug (D:13)
  2 soul eaters
  5 sun demons
  5 wretched stars
  3 storm dragon skeletons (Depths:3)
  3 sixfirhies
  A fire crab (Lair:6)
  A death drake (Abyss:3)
  3 shadow wraiths
  4 unseen horrors
  20 deep trolls
  A fire crab (shapeshifter) (Vaults:3)
  A cherub (Depths:1)
  3 deep elf archers
  19 skeletal warriors
  3 naga ritualists (Depths:2)
  11 sea snakes
  A glowing orange brain (Vaults:3)
  2 shadow demons (Depths:1)
  5 flayed ghosts
  6 wizards
  16 harpies
  A shadow dragon zombie (Depths:1)
  10 orc knights
  A golden dragon skeleton (Depths:3)
  15 ironbrand convokers
  2 phantasmal warriors
  A fire giant zombie (Vaults:2)
  A lindwurm (shapeshifter) (Vaults:2)
  3 shadow dragon skeletons (Depths:3)
  3 mana vipers (Depths:2)
  8 necromancers
  4 tengu skeletons
  14 orb spiders
  3 oklob plants (Depths:4)
  A faun (shapeshifter) (Depths:2)
  54 ugly things
  11 fauns
  5 orc sorcerers
  6 deep elf magi
  2 sphinx skeletons
  11 cyclopes
  A shining eye (Abyss:3)
  33 wolf spiders
  3 worldbinders (Abyss:3)
  17 manticores
  30 moths of wrath
  An elephant (shapeshifter) (Vaults:4)
  2 stone giant skeletons
  5 water nymphs
  4 fire giant skeletons
  3 iron dragon skeletons (Depths:3)
  5 frost giant skeletons (Depths:3)
  7 vault sentinels
  5 black mambas
  7 elephants
  A black mamba (shapeshifter) (Depths:2)
  4 merfolk sirens
  Psyche (D:11)
  2 human skeletons
  3 torpor snails
  3 gargoyles
  4 naga magi
  2 smoke demons
  An ice statue (IceCv)
  2 kobold demonologists
  3 spriggan skeletons (Depths:3)
  2 minotaur zombies (Gauntlet)
  21 freezing wraiths
  17 spiny frogs
  An orange demon (Abyss:3)
  3 rime drakes
  14 demonic crawlers
  9 komodo dragons
  27 yaktaurs
  A tormentor (Zot:5)
  A yaktaur (shapeshifter) (Vaults:4)
  5 tengu conjurers
  A hellwing (Depths:1)
  5 ancient zymes (Abyss:3)
  An ice devil (Depths:4)
  12 trolls
  A queen bee (Lair:6)
  3 meliai (Lair:6)
  27 jumping spiders
  4 elf skeletons (Depths:3)
  4 polar bears
  Prince Ribbit (D:6)
  18 merfolk
  2 tyrant leeches (Lair:6)
  A wolf spider simulacrum (IceCv)
  7 hornets
  33 blink frogs
  3 dream sheep (Shoals:3)
  A wind drake (Shoals:2)
  17 raiju (Abyss:3)
  11 large abominations (Abyss:3)
  A raiju (shapeshifter) (Vaults:2)
  A fire giant simulacrum (Depths:1)
  17 slime creatures
  4 snapping turtles
  8 hippogriffs
  4 spriggans (Lair:1)
  A spriggan (shapeshifter) (Depths:5)
  Sigmund (D:4)
  8 wraiths
  12 water elementals
  19 flying skulls
  50 redbacks
  A hog (shapeshifter) (Vaults:4)
  31 tarantellas
  4 fire bats (Abyss:3)
  5 wyverns
  48 yaks
  A vampire (Abyss:3)
  Grum (D:9)
  5 chaos spawn (Abyss:3)
  16 humans
  7 basilisks
  2 neqoxecs (Abyss:3)
  2 hungry ghosts
  A death yak simulacrum (IceCv)
  4 wargs
  8 vampire mosquitoes
  7 small abominations
  A warg (shapeshifter) (Vaults:2)
  4 hell hounds (Abyss:3)
  6 acid dragons
  14 porcupines
  10 water moccasins
  A floating eye (Depths:3)
  20 starcursed masses
  10 ice beasts
  6 black bears
  35 orc warriors
  5 sky beasts
  7 boggarts
  67 ogres
  4 necrophages
  2 hornet zombies (D:15)
  3 phantoms
  32 centaurs
  22 wolves
  7 crocodiles
  3 big kobolds
  4 human zombies
  27 bullfrogs
  A water moccasin zombie (D:8)
  2 wyvern zombies
  3 scorpions
  22 killer bees
  7 wights
  3 electric eels (Lair:6)
  5 howler monkeys
  7 human simulacra
  3 quasits
  4 centaur zombies
  7 crimson imps
  5 draconian simulacra (IceCv)
  9 hounds
  2 jellies
  A bullfrog skeleton (D:13)
  A gnoll shaman (D:5)
  24 orc priests
  2 iron imps
  2 centaur skeletons (D:11)
  14 orc wizards
  11 worker ants
  4 iguanas
  A hell rat (Lair:4)
  4 troll simulacra (IceCv)
  A spriggan simulacrum (IceCv)
  A polar bear simulacrum (IceCv)
  A wolf simulacrum (IceCv)
  3 centaur simulacra (IceCv)
  A hound skeleton (D:6)
  Robin (D:2)
  10 gnolls
  A howler monkey zombie (D:7)
  11 adders
  2 naga simulacra (IceCv)
  5 ogre simulacra (IceCv)
  7 shadow imps
  14 white imps
  3 ufetubi
  3 oozes
  5 worms
  3 dart slugs (D:1)
  5 leopard geckos
  112 orcs
  5 bats
  6 giant cockroaches
  16 goblins
  13 hobgoblins
  15 jackals
  22 kobolds
  A quokka (D:5)
  A ball python skeleton (D:4)
  9 frilled lizards
  A leopard gecko zombie (D:5)
  9 rats
  A fungus (D:10)
  6 plants
  4 starspawn tentacles (Abyss:3)
2238 creatures vanquished.

Vanquished Creatures (collateral kills)
  A tengu reaver (Vaults:2)
  A great orb of eyes (Vaults:2)
  A merfolk avatar (Shoals:4)
  2 deep trolls (Vaults:2)
  An ugly thing (Vaults:2)
  A tarantella (Spider:3)
7 creatures vanquished.

Vanquished Creatures (others)
  A fire giant (Vaults:4)
  A vault warden (Vaults:2)
  A blizzard demon (Abyss:3)
  A tengu conjurer (Depths:1)
  2 small abominations (Abyss:3)
  2 fire bats (Abyss:3)
  A chaos spawn (Abyss:3)
  A neqoxec (Abyss:3)
  A water moccasin (Lair:6)
  An ice beast (Abyss:3)
  A centaur (D:13)
  A starcursed mass (Abyss:3)
  A white imp (Abyss:3)
  71 fungi
  122 plants
  9 starspawn tentacles (Abyss:3)
  4 tentacles (Shoals:2)
  9 withered plants (Gauntlet)
230 creatures vanquished.

Grand Total: 2475 creatures vanquished

Notes
Turn   | Place    | Note
-------+----------+-------------------------------------------
     0 | D:1      | HungrySpirit the Formicid Gladiator began the quest for the
                  | Orb.
     0 | D:1      | Reached XP level 1. HP: 16/16 MP: 1/1
   111 | D:1      | Reached XP level 2. HP: 21/23 MP: 2/2
   224 | D:1      | Reached XP level 3. HP: 28/28 MP: 3/3
   474 | D:1      | Reached skill level 4 in Long Blades
   803 | D:2      | You fall into a shaft and drop 2 floors!
   860 | D:4      | Noticed Sigmund
   893 | D:4      | Killed Sigmund
   893 | D:4      | Reached skill level 5 in Long Blades
   893 | D:4      | Reached XP level 4. HP: 37/37 MP: 4/4
   893 | D:4      | Reached XP level 5. HP: 42/42 MP: 5/5
   893 | D:4      | Reached XP level 6. HP: 48/48 MP: 6/6
  2639 | D:2      | Reached skill level 1 in Armour
  2762 | D:2      | Noticed Robin
  2782 | D:2      | Reached skill level 6 in Long Blades
  2793 | D:2      | Killed Robin
  3147 | D:4      | Reached XP level 7. HP: 48/55 MP: 7/7
  3688 | D:5      | Entered Level 5 of the Dungeon
  3809 | D:5      | Found a shattered altar of Ashenzari.
  3857 | D:5      | Reached skill level 5 in Fighting
  3944 | D:5      | Found a staircase to the Ecumenical Temple.
  3952 | D:5      | Reached XP level 8. HP: 54/62 MP: 8/8
  3958 | Temple   | Entered the Ecumenical Temple
  4090 | Temple   | Became a worshipper of Makhleb the Destroyer
  4396 | D:5      | Reached skill level 7 in Long Blades
  4608 | D:5      | Found a bloodstained altar of Trog.
  5191 | D:6      | Noticed Prince Ribbit
  5230 | D:6      | Killed Prince Ribbit
  5230 | D:6      | Reached skill level 5 in Armour
  5360 | D:6      | Reached XP level 9. HP: 57/71 MP: 9/9
  5581 | D:6      | Reached * piety under Makhleb
  5868 | D:6      | Reached skill level 8 in Long Blades
  5868 | D:6      | Reached skill level 1 in Shields
  6298 | D:7      | Noticed Harold
  6588 | D:7      | Killed Harold
  6588 | D:7      | Reached XP level 10. HP: 49/80 MP: 10/10
  7421 | D:8      | Reached skill level 9 in Long Blades
  7421 | D:8      | Reached skill level 5 in Shields
  7448 | D:8      | Found a glowing silver altar of Zin.
  7499 | D:8      | Found a glowing golden altar of the Shining One.
  7499 | D:8      | Found a sparkling altar of Nemelex Xobeh.
  7500 | D:8      | Found an ancient bone altar of Kikubaaqudgha.
  7500 | D:8      | Found a white marble altar of Elyvilon.
  7500 | D:8      | Found an ornate altar of the Wu Jian Council.
  7501 | D:8      | Found a hazy altar of Hepliaklqana.
  7629 | D:8      | Reached ** piety under Makhleb
  7758 | D:8      | Found a roughly hewn altar of Beogh.
  7967 | D:8      | Noticed a manticore
  7991 | D:8      | Killed a manticore
  8123 | D:8      | Found an iron altar of Okawaru.
  8278 | D:8      | Reached XP level 11. HP: 61/89 MP: 11/11
  8418 | D:8      | Found a stormy altar of Qazlal.
  8768 | D:9      | Reached skill level 10 in Long Blades
  8900 | D:9      | Noticed Grum
  8946 | D:9      | Killed Grum
  8946 | D:9      | Reached skill level 10 in Fighting
  9130 | D:9      | Found an opulent altar of Gozag.
  9261 | D:9      | Reached *** piety under Makhleb
  9731 | D:10     | Entered Level 10 of the Dungeon
  9786 | D:10     | Reached skill level 10 in Armour
 10280 | D:10     | Found a staircase to the Lair.
 10441 | D:10     | Noticed a two-headed ogre
 10466 | D:10     | Killed a two-headed ogre
 10479 | D:10     | Reached skill level 11 in Long Blades
 10491 | D:10     | Noticed a cyclops
 10492 | D:10     | Noticed a centaur warrior
 10871 | D:10     | Killed a centaur warrior
 10871 | D:10     | Reached XP level 12. HP: 89/100 MP: 12/12
 11011 | D:10     | Reached **** piety under Makhleb
 11206 | D:10     | Found a roughly hewn altar of Beogh.
 11206 | D:10     | Found a staircase to the Orcish Mines.
 11642 | D:11     | Noticed Fannar
 11708 | D:10     | Killed Fannar
 11893 | D:11     | Noticed a two-headed ogre
 11910 | D:11     | Killed a two-headed ogre
 11929 | D:11     | Found Ydolabb's Antique Weapon Shoppe.
 11949 | D:11     | Bought a fine long sword for 246 gold pieces
 11949 | D:11     | Identified the cursed +1 long sword of Res Nullius {vorpal,
                  | +Fly rN+ Int+2} (You bought it in a shop on level 11 of the
                  | Dungeon)
 12012 | Lair:1   | Entered Level 1 of the Lair of Beasts
 12148 | Lair:1   | Noticed Gastronok
 12214 | Lair:1   | Killed Gastronok
 12214 | Lair:1   | Reached skill level 12 in Long Blades
 13471 | Lair:2   | Found a gate leading to a gauntlet.
 13481 | Gauntlet | Entered a Gauntlet
 13481 | Gauntlet | Found a transporter.
 13481 | Gauntlet | Found a transporter.
 13481 | Gauntlet | Found a transporter.
 13482 | Gauntlet | Found a transporter.
 13485 | Gauntlet | Found a transporter.
 13485 | Gauntlet | Found a transporter.
 13537 | Gauntlet | Found a transporter.
 13539 | Gauntlet | Found a transporter.
 13541 | Gauntlet | Noticed a thrashing horror
 13543 | Gauntlet | Noticed a thrashing horror
 13549 | Gauntlet | Found a transporter.
 13570 | Gauntlet | Found a transporter.
 13570 | Gauntlet | Noticed a ghost crab
 13587 | Gauntlet | Found a transporter.
 13591 | Gauntlet | Found a transporter.
 13592 | Gauntlet | Noticed a dire elephant
 13793 | Gauntlet | Identified the +10 short sword of Veasev {vorpal, *Corrode
                  | rElec rPois rN++}
 13793 | Gauntlet | Noticed a minotaur
 13815 | Gauntlet | Killed a minotaur
 13815 | Gauntlet | Reached skill level 1 in Evocations
 13815 | Gauntlet | Reached XP level 13. HP: 61/107 MP: 13/13
 13855 | Gauntlet | Got an ancient long sword
 13923 | Gauntlet | Identified the cursed +1 long sword of the Purse {venom,
                  | Dex+5} (You found it in a Gauntlet)
 13948 | Gauntlet | Reached skill level 5 in Dodging
 14137 | Lair:2   | Found a staircase to the Shoals.
 14835 | Lair:3   | Noticed an eight-headed hydra
 14844 | Lair:3   | Killed an eight-headed hydra
 14947 | Lair:3   | Noticed a five-headed hydra
 14956 | Lair:3   | Killed a five-headed hydra
 15196 | Lair:3   | Reached skill level 13 in Long Blades
 15518 | Lair:3   | Identified a scroll of acquirement
 15586 | Lair:4   | Noticed Snorg
 15603 | Lair:4   | Killed Snorg
 15659 | Lair:4   | Found a hole to the Spider Nest.
 15760 | Lair:4   | Reached ***** piety under Makhleb
 16290 | Lair:4   | Noticed a six-headed hydra
 16290 | Lair:4   | Noticed an eight-headed hydra
 16618 | Lair:4   | Got a faintly humming chain mail
 16706 | Lair:4   | Identified the +1 chain mail "Lodomilo" {rC+ Stlth+} (You
                  | found it on level 4 of the Lair of Beasts)
 16785 | Lair:4   | Noticed a six-headed hydra
 16904 | Lair:4   | Killed a six-headed hydra
 16925 | Lair:4   | Killed an eight-headed hydra
 17157 | Lair:5   | Got a shimmering wooden ring
 17210 | Lair:5   | Noticed an eight-headed hydra
 17249 | Lair:5   | Killed an eight-headed hydra
 17249 | Lair:5   | Reached XP level 14. HP: 107/116 MP: 17/17
 17339 | Lair:5   | Reached skill level 5 in Evocations
 17585 | Lair:5   | Identified the ring of Jueceu {Wiz rPois} (You found it on
                  | level 5 of the Lair of Beasts)
 17651 | Lair:5   | Reached skill level 1 in Invocations
 17684 | Lair:5   | Reached skill level 14 in Long Blades
 17822 | Lair:5   | Found a runed translucent gate.
 17822 | Lair:5   | Found a runed translucent gate.
 17824 | Lair:5   | Found a runed translucent gate.
 17973 | Lair:5   | Noticed Josephine
 18004 | Lair:5   | Killed Josephine
 18208 | Lair:5   | Noticed Ruewk's ghost (journeyman CeAM)
 18363 | Lair:6   | Entered Level 6 of the Lair of Beasts
 19030 | Lair:6   | Found a viscous altar of Jiyva.
 19030 | Lair:6   | Found a staircase to the Slime Pits.
 19498 | Lair:6   | Reached XP level 15. HP: 124/124 MP: 18/18
 19676 | Lair:6   | Reached skill level 5 in Invocations
 19867 | Lair:6   | Reached skill level 15 in Long Blades
 20153 | Lair:6   | Got a scorched brass amulet
 20886 | Orc:1    | Entered Level 1 of the Orcish Mines
 21207 | Orc:2    | Entered Level 2 of the Orcish Mines
 21876 | Orc:2    | Found Adda's Weapon Boutique.
 21876 | Orc:2    | Found Hustrez's Gadget Emporium.
 21877 | Orc:2    | Found Xourphe's Antique Weapon Shoppe.
 21877 | Orc:2    | Found Foxiqywo's Weapon Boutique.
 22134 | Orc:2    | Found a staircase to the Elven Halls.
 22271 | Orc:2    | Bought a +2 falchion of electrocution for 253 gold pieces
 22501 | Orc:2    | Reached XP level 16. HP: 132/132 MP: 21/21
 22919 | D:11     | Reached ****** piety under Makhleb
 23205 | D:11     | Noticed Psyche
 23208 | D:11     | Killed Psyche
 23819 | D:12     | Found a frozen archway.
 23824 | D:12     | Reached skill level 16 in Long Blades
 23969 | IceCv    | Entered an ice cave
 24250 | IceCv    | Found an ancient bone altar of Kikubaaqudgha.
 24866 | D:12     | Found Erghonotho's Distillery.
 25645 | D:13     | Noticed Rupert
 25648 | D:13     | Noticed Urug
 25683 | D:13     | Killed Rupert
 25992 | D:13     | Found an opulent altar of Gozag.
 26042 | D:13     | Killed Urug
 26064 | D:13     | Found a gate to the Vaults.
 26764 | D:14     | Found Domi's Distillery.
 26985 | D:14     | Identified the +5 short sword "Winkokex" {flame, rC+}
 27253 | D:15     | Entered Level 15 of the Dungeon
 27281 | D:14     | Identified the amulet "Povoad" {Faith Int+2} (You found it
                  | on level 6 of the Lair of Beasts)
 27444 | Spider:1 | Entered Level 1 of the Spider Nest
 27446 | Spider:1 | Reached XP level 17. HP: 136/140 MP: 23/23
 27869 | Spider:1 | Found a transporter.
 27870 | Spider:1 | Found a transporter.
 27916 | Spider:1 | Noticed Cumomo's ghost (adept SpEn)
 28055 | Spider:1 | Found a one-way gate to the infinite horrors of the Abyss.
 28736 | Spider:2 | Noticed Arachne
 28749 | Spider:2 | Killed Arachne
 28888 | Spider:2 | Reached skill level 17 in Long Blades
 29853 | Spider:2 | Reached skill level 15 in Fighting
 31368 | Spider:3 | Reached skill level 15 in Armour
 31961 | Spider:4 | Entered Level 4 of the Spider Nest
 32234 | Spider:4 | Reached skill level 10 in Invocations
 32779 | D:15     | Reached XP level 18. HP: 142/149 MP: 25/25
 32808 | D:15     | Reached skill level 10 in Dodging
 32872 | D:15     | Found Giff's Gadget Emporium.
 33198 | D:15     | Noticed Roxanne
 33519 | D:15     | Found a staircase to the Depths.
 33749 | Depths:1 | Entered Level 1 of the Depths
 34215 | Depths:1 | Found a one-way gate leading to the halls of Pandemonium.
 34244 | Depths:1 | Identified the cursed +0 kite shield of Ewnov {rCorr
                  | Stlth+}
 34244 | Depths:1 | Noticed Asterion
 35446 | Spider:4 | Reached skill level 18 in Long Blades
 37052 | Spider:4 | Got a gossamer rune of Zot
 37336 | Vaults:1 | Entered Level 1 of the Vaults
 37415 | Vaults:1 | Reached XP level 19. HP: 157/157 MP: 27/27
 38576 | Vaults:1 | Noticed Saint Roka
 38628 | Vaults:1 | Reached skill level 10 in Shields
 39025 | Vaults:1 | Killed Saint Roka
 39831 | Vaults:2 | Found a staircase to the Crypt.
 40179 | Vaults:2 | Found Soden's Weapon Boutique.
 40906 | Vaults:2 | Reached skill level 19 in Long Blades
 41674 | Vaults:2 | Reached XP level 20. HP: 166/166 MP: 29/29
 41710 | Vaults:2 | HP: 6/166 [vault warden/+2 vorpal great sword (7)]
 43258 | Vaults:2 | Found Lagedojaaxa's Armour Boutique.
 43267 | Vaults:2 | Bought a +0 kite shield of resistance for 504 gold pieces
 43279 | Vaults:2 | Bought a +2 pair of gloves for 264 gold pieces
 44235 | Vaults:3 | Found Buomofyn's General Store.
 44243 | Vaults:3 | Bought a scroll of identify for 26 gold pieces
 44243 | Vaults:3 | Bought a scroll of enchant weapon for 97 gold pieces
 44731 | Shoals:1 | Entered Level 1 of the Shoals
 45116 | Shoals:2 | Found an iron altar of Okawaru.
 45613 | Shoals:3 | Noticed Polyphemus
 46082 | Shoals:4 | Entered Level 4 of the Shoals
 47804 | Shoals:4 | Reached XP level 21. HP: 165/173 MP: 30/30
 48018 | Shoals:4 | Reached skill level 20 in Long Blades
 48027 | Shoals:4 | Got a barnacled rune of Zot
 48488 | D:14     | Bought a potion of curing for 36 gold pieces
 48488 | D:14     | Bought a potion of curing for 36 gold pieces
 48488 | D:14     | Bought a potion of mutation for 96 gold pieces
 48488 | D:14     | Bought a potion of lignification for 36 gold pieces
 48488 | D:14     | Bought a potion of cancellation for 96 gold pieces
 48488 | D:14     | Bought a potion of cancellation for 96 gold pieces
 48529 | D:12     | Bought a potion of resistance for 130 gold pieces
 48529 | D:12     | Bought a potion of curing for 39 gold pieces
 48529 | D:12     | Bought a potion of might for 52 gold pieces
 48529 | D:12     | Bought a potion of cancellation for 104 gold pieces
 49849 | Vaults:3 | Found a radiant altar of Vehumet.
 49850 | Vaults:3 | Found the +2 robe of Vines {NoPotionHeal Regen+7}
 50766 | Vaults:4 | Reached XP level 22. HP: 182/182 MP: 32/32
 51065 | Vaults:4 | Found Xiox's Food Emporium.
 51236 | Vaults:4 | Found a runed translucent door.
 51238 | Vaults:4 | Noticed Xafer's ghost (adept DsGl)
 51268 | Vaults:4 | Found Nakuvuc's Armour Shop.
 51275 | Vaults:4 | Found Mauna's Gadget Emporium.
 52807 | D:15     | Killed Asterion
 53055 | Depths:1 | Found a gateway to Hell.
 53966 | Depths:2 | Found a basalt altar of Yredelemnul.
 54017 | Depths:2 | Reached XP level 23. HP: 190/190 MP: 33/33
 54461 | Depths:2 | Got the ring of Xom's Amusement {+Inv rElec Dex+4 SInv}
 54850 | Depths:3 | Noticed Mara
 55011 | Depths:2 | Reached skill level 15 in Shields
 55088 | Depths:3 | Killed Mara
 55088 | Depths:3 | Reached skill level 21 in Long Blades
 55235 | Depths:3 | Cast into level 2 of the Abyss (a wizard)
 55368 | Abyss:3  | Found a corrupted altar of Lugonu.
 55418 | Abyss:3  | Gained mutation: You are dopey. (Int -2) [a neqoxec]
 55869 | Abyss:3  | Reached XP level 24. HP: 200/200 MP: 33/33
 55961 | Abyss:3  | Got an abyssal rune of Zot
 56515 | Depths:3 | Escaped the Abyss
 57344 | Depths:3 | Reached skill level 22 in Long Blades
 57850 | Depths:3 | Found Homiot's Distillery.
 57880 | Depths:3 | Bought a potion of curing for 45 gold pieces
 57880 | Depths:3 | Bought 2 potions of heal wounds for 150 gold pieces
 57880 | Depths:3 | Bought a potion of resistance for 150 gold pieces
 57880 | Depths:3 | Bought a potion of magic for 120 gold pieces
 57880 | Depths:3 | Bought a potion of curing for 45 gold pieces
 57880 | Depths:3 | Bought a potion of might for 60 gold pieces
 57880 | Depths:3 | Bought a potion of cancellation for 120 gold pieces
 58156 | Depths:4 | Reached XP level 25. HP: 193/208 MP: 33/33
 58425 | Depths:4 | Noticed Louise
 58441 | Depths:4 | Killed Louise
 59128 | Depths:5 | Entered Level 5 of the Depths
 59948 | Depths:5 | Found a gateway to a ziggurat.
 60098 | Depths:5 | Found Labaphex's Antique Armour Shop.
 60115 | Depths:5 | Bought a pair of glowing gloves for 270 gold pieces
 60197 | Depths:5 | Identified the +7 spear "Gant" {freeze, +Blink Int+4}
 60207 | Depths:5 | Reached skill level 15 in Dodging
 60383 | Depths:5 | Found a gate to the Realm of Zot.
 60541 | Depths:5 | Reached skill level 23 in Long Blades
 61265 | D:15     | Killed Roxanne
 61523 | Zot:1    | Entered Level 1 of the Realm of Zot
 61843 | Zot:1    | Reached XP level 26. HP: 218/218 MP: 33/33
 62229 | Zot:1    | Noticed an orb of fire
 62252 | Zot:1    | Gained mutation: You are frail. (-10% HP) [an orb of fire]
 62260 | Zot:1    | Gained mutation: Potions are less effective at restoring
                  | your health. [an orb of fire]
 62263 | Zot:1    | Gained mutation: You are clumsy. (Dex -2) [an orb of fire]
 62264 | Zot:1    | Gained mutation: Your spells are a little easier to cast,
                  | but a little less powerful. [an orb of fire]
 62266 | Zot:1    | Killed an orb of fire
 62791 | Zot:1    | Identified the Volume of Ashen Cold
 64601 | Zot:3    | Noticed a curse toe
 64670 | Zot:3    | Killed a curse toe
 64702 | Zot:3    | Noticed a curse toe
 64718 | Zot:3    | Killed a curse toe
 65042 | Zot:4    | Reached skill level 24 in Long Blades
 65566 | Zot:4    | Found the +8 frozen axe "Frostbite" {freezing cloud, *Noise
                  | +Fly rC+}
 65616 | Zot:4    | Reached XP level 27. HP: 204/204 MP: 33/33
 65677 | Zot:4    | Noticed a Killer Klown
 65701 | Zot:4    | Killed a Killer Klown
 65730 | Zot:4    | Noticed a Killer Klown
 68001 | Zot:3    | Reached skill level 15 in Invocations
 68218 | Zot:5    | Entered Level 5 of the Realm of Zot
 68813 | Zot:5    | Noticed an orb of fire
 68826 | Zot:4    | Gained mutation: You are very dopey. (Int -4) [an orb of
                  | fire]
 68829 | Zot:4    | Gained mutation: You are very clumsy. (Dex -4) [an orb of
                  | fire]
 68830 | Zot:4    | Gained mutation: You do not regenerate when monsters are
                  | visible. [an orb of fire]
 68832 | Zot:4    | Gained mutation: Your magical capacity is low. (-10% MP)
                  | [an orb of fire]
 68836 | Zot:4    | Gained mutation: Your spells are easier to cast, but less
                  | powerful. [an orb of fire]
 68838 | Zot:4    | Killed an orb of fire
 68940 | Zot:4    | Lost mutation: You are very clumsy. (Dex -4) [potion of
                  | mutation]
 68940 | Zot:4    | Lost mutation: You are clumsy. (Dex -2) [potion of
                  | mutation]
 68940 | Zot:4    | Gained mutation: You possess an exceptional clarity of
                  | mind. [potion of mutation]
 68940 | Zot:4    | Gained mutation: You are clumsy. (Dex -2) [potion of
                  | mutation]
 68940 | Zot:4    | Lost mutation: You are clumsy. (Dex -2) [potion of
                  | mutation]
 68941 | Zot:4    | Lost mutation: Your spells are easier to cast, but less
                  | powerful. [potion of mutation]
 68941 | Zot:4    | Lost mutation: Your magical capacity is low. (-10% MP)
                  | [potion of mutation]
 68941 | Zot:4    | Lost mutation: You are frail. (-10% HP) [potion of
                  | mutation]
 68941 | Zot:4    | Lost mutation: Your spells are a little easier to cast, but
                  | a little less powerful. [potion of mutation]
 68941 | Zot:4    | Lost mutation: You are very dopey. (Int -4) [potion of
                  | mutation]
 68944 | Zot:5    | Noticed an ancient lich
 68952 | Zot:5    | Killed an ancient lich
 68968 | Zot:5    | Noticed an orb of fire
 68968 | Zot:5    | Noticed a Killer Klown
 69104 | Zot:5    | Gained mutation: Armour fits poorly on your strangely
                  | shaped body. [an orb of fire]
 69106 | Zot:5    | Gained mutation: Scrolls take you a little longer to read.
                  | [an orb of fire]
 69107 | Zot:5    | Noticed a Killer Klown
 69118 | Zot:4    | Gained mutation: Scrolls take you longer to read. [an orb
                  | of fire]
 69120 | Zot:4    | Gained mutation: Your body sometimes deteriorates upon
                  | taking damage. [an orb of fire]
 69125 | Zot:4    | Lost mutation: You are dopey. (Int -2) [an orb of fire]
 69129 | Zot:4    | Killed an orb of fire
 69206 | Zot:4    | Lost mutation: Scrolls take you longer to read. [potion of
                  | mutation]
 69206 | Zot:4    | Lost mutation: You possess an exceptional clarity of mind.
                  | [potion of mutation]
 69206 | Zot:4    | Gained mutation: Your magical capacity is low. (-10% MP)
                  | [potion of mutation]
 69206 | Zot:4    | Gained mutation: You have sharp toenails. [potion of
                  | mutation]
 69207 | Zot:4    | Lost mutation: You have sharp toenails. [potion of
                  | mutation]
 69207 | Zot:4    | Lost mutation: Armour fits poorly on your strangely shaped
                  | body. [potion of mutation]
 69207 | Zot:4    | Gained mutation: You are dopey. (Int -2) [potion of
                  | mutation]
 69207 | Zot:4    | Lost mutation: Your magical capacity is low. (-10% MP)
                  | [potion of mutation]
 69207 | Zot:4    | Gained mutation: You are partially covered in yellow
                  | scales. (AC +2) [potion of mutation]
 69244 | Zot:5    | Killed a Killer Klown
 69615 | Zot:5    | Noticed an orb of fire
 69642 | Zot:4    | Killed an orb of fire
 69670 | Zot:4    | Lost mutation: Potions are less effective at restoring your
                  | health. [potion of mutation]
 69670 | Zot:4    | Lost mutation: Scrolls take you a little longer to read.
                  | [potion of mutation]
 69670 | Zot:4    | Gained mutation: Your skin changes colour to match your
                  | surroundings (Stealth+). [potion of mutation]
 69721 | Zot:5    | Noticed a Killer Klown
 69757 | Zot:5    | Killed a Killer Klown
 69907 | Zot:5    | Noticed an orb of fire
 69911 | Zot:5    | Gained mutation: Your magical capacity is low. (-10% MP)
                  | [an orb of fire]
 69925 | Zot:4    | Gained mutation: You are frail. (-10% HP) [an orb of fire]
 69926 | Zot:4    | Gained mutation: You are clumsy. (Dex -2) [an orb of fire]
 69931 | Zot:4    | Lost mutation: You are dopey. (Int -2) [an orb of fire]
 69938 | Zot:4    | Gained mutation: You occasionally shout uncontrollably at
                  | your foes. [an orb of fire]
 69947 | Zot:4    | Gained mutation: Your flesh is heat resistant. (rF+) [an
                  | orb of fire]
 69948 | Zot:4    | Gained mutation: You are very frail. (-20% HP) [an orb of
                  | fire]
 69949 | Zot:4    | Killed an orb of fire
 70217 | Zot:5    | Noticed a Killer Klown
 70255 | Zot:5    | Killed a Killer Klown
 70382 | Zot:5    | Noticed a Killer Klown
 70389 | Zot:5    | Noticed a Killer Klown
 70438 | Zot:4    | Killed a Killer Klown
 70735 | Zot:4    | Lost mutation: You occasionally shout uncontrollably at
                  | your foes. [potion of mutation]
 70735 | Zot:4    | Lost mutation: Your body sometimes deteriorates upon taking
                  | damage. [potion of mutation]
 70735 | Zot:4    | Lost mutation: Your magical capacity is low. (-10% MP)
                  | [potion of mutation]
 70735 | Zot:4    | Lost mutation: You are very frail. (-20% HP) [potion of
                  | mutation]
 70735 | Zot:4    | Gained mutation: Armour fits poorly on your strangely
                  | shaped body. [potion of mutation]
 70735 | Zot:4    | Lost mutation: You are frail. (-10% HP) [potion of
                  | mutation]
 70860 | Zot:5    | Killed a Killer Klown
 71081 | Zot:5    | Noticed an orb of fire
 71104 | Zot:5    | Gained mutation: You are dopey. (Int -2) [an orb of fire]
 71106 | Zot:5    | Gained mutation: You occasionally shout uncontrollably at
                  | your foes. [an orb of fire]
 71107 | Zot:5    | Killed an orb of fire
 71126 | Zot:5    | Noticed a Killer Klown
 71137 | Zot:5    | Reached skill level 25 in Long Blades
 71152 | Zot:5    | Killed a Killer Klown
 71194 | Zot:5    | Noticed an orb of fire
 71227 | Zot:5    | Killed an orb of fire
 71341 | Zot:5    | Noticed an ancient lich
 71356 | Zot:5    | Killed an ancient lich
 71494 | Zot:5    | Noticed an orb of fire
 71501 | Zot:5    | Gained mutation: You are frail. (-10% HP) [an orb of fire]
 71513 | Zot:5    | Gained mutation: Your magical capacity is low. (-10% MP)
                  | [an orb of fire]
 71528 | Zot:5    | Gained mutation: Scrolls take you a little longer to read.
                  | [an orb of fire]
 71530 | Zot:5    | Killed an orb of fire
 71623 | Zot:5    | Killed a Killer Klown
 72201 | Zot:5    | Got the Orb of Zot
 72246 | Zot:5    | Noticed an ancient lich
 72258 | Zot:5    | Killed an ancient lich
 72742 | D:11     | Noticed Jeot Dio the pandemonium lord
 72742 | D:11     | Noticed an ancient lich
 72767 | D:10     | Slain by Jeot Dio the pandemonium lord

Illustrated notes

Levels and vault maps discovered:
D:1:      saegor_arrival_under_anarchy, layout_loops_ring, amethyst_killhole
D:2:      layout_rooms, uniq_robin
D:3:      layout_basic, first_ration
D:4:      minmay_door_path, layout_loops_ring, uniq_sigmund
D:5:      layout_cave_pods, marbit_many_paths, ashenzari_conservatory_becter,
          minmay_temple_entry_proselytizer, kennysheep_small_circle
D:6:      layout_basic, uniq_prince_ribbit1
D:7:      layout_cave_pools, uniq_harold
D:8:      layout_cave_pools, okawaru_ov_weapons_minmay,
          grunt_temple_overflow_open, special_room [special_room_orc],
          nicolae_qazlal_eye_of_the_storm
D:9:      layout_basic, kennysheep_mini_moat, uniq_grum
D:10:     kennysheep_blocky_room, layout_loops_ring,
          due_lair_maze_entry_diamond, david_orc_5
D:11:     layout_basic, serial_shops, shop, uniq_fannar, uniq_psyche
D:12:     layout_irregular_city, serial_shops, shop_fountains,
          portal_ice_cave_entry_animals_and_master, hangedman_fish_farm
D:13:     layout_long_grid, david_vaults_3, grunt_gozag_breadcrumbs
D:14:     layout_basic, serial_shops, shop, nicolae_twisting_strands,
          minmay_protected_statue
D:15:     grunt_enter_depths_magical_seal, layout_cave_pools, serial_shops,
          shop, kennysheep_pointless_box, uniq_roxanne
Temple:   minmay_temple_curvy_loop
Lair:1:   wad_woods_settlement, layout_regular_city, uniq_gastronok
Lair:2:   layout_regular_city, minmay_shoals_entry_centaurs,
          gauntlet_entry_generic, nicolae_volcano_entry_hallway
Lair:3:   layout_gridlike
Lair:4:   layout_loops_ring, dummy_spider_entry, st_stairs_6,
          minmay_shattered_shrine, lemuel_fruit_tree, uniq_snorg
Lair:5:   layout_loops_ring, gammafunk_ghost_necromancy, uniq_josephine
Lair:6:   minmay_lair_end_frog_pond, layout_layer_cave,
          dpeg_slime_entry_enclosed_altar, special_room [special_room_bee],
          uniq_urug
Shoals:1: layout_shoals
Shoals:2: layout_shoals, wheals_shoals_ruined_temple
Shoals:3: layout_shoals, uniq_polyphemus
Shoals:4: shoals_end_hangedman, layout_shoals,
          nicolae_shoals_stone_sculpture_thing, nicolae_alphabet_shops
Spider:1: layout_chambers, gammafunk_ghost_abyssal_escape
Spider:2: layout_chambers, uniq_arachne
Spider:3: layout_chambers, drop_trap
Spider:4: grunt_spider_rune_circles, drop_trap
Orc:1:    layout_diamond_mine
Orc:2:    st_orc_ogre_mass, layout_caves
Vaults:1: v_misc_11, nicolae_vaults_c_with_doors, v_pattern_2,
          vaults_room_large_hall, nicolae_vaults_specimen_jars,
          ontoclasm_vaults_hangar, hangedman_vaults_trim, v_misc_24,
          layout_vaults_maze_snakey, uniq_saint_roka
Vaults:2: v_misc_32, vaults_room_fours, minmay_crypt_entry_simple_corners,
          v_misc_2, vaults_room_semicircle, hangedman_vaults_nodes,
          nicolae_vaults_border_crossing, vaults_mumra_hex,
          layout_vaults_omnigrid, serial_shops, nicolae_shop_crystal,
          nicolae_shop_trees
Vaults:3: grunt_tower_of_power, vaults_room_fours, hangedman_vaults_stream,
          vaults_mumra_lcd, nicolae_vaults_windows_and_doors_thing, v_misc_3,
          grunt_vaults_funnel, vaults_room_pool, nicolae_vaults_network_square,
          layout_vaults_big_room, serial_shops, shop
Vaults:4: gammafunk_vaults_ghost_grave, ontoclasm_vaults_spin,
          nicolae_vaults_what_the_h, hangedman_vaults_restitches,
          nicolae_vaults_twisting_passages, grunt_vaults_swirl,
          nicolae_vaults_little_squares_6, nicolae_vaults_branching_niches,
          v_rooms_4, vaults_room_large_hall, ontoclasm_vaults_loading_screen,
          layout_vaults_ring, serial_shops,
          nicolae_shop_temple_entry_statues_fountains, shop_statue, shop
Depths:1: layout_gridville, hangedman_abyss_or_decor_passed,
          grunt_pan_entry_sceptre, hell_entry, nrook_kobold_shadow_demons,
          serial_bayou_shore_b, uniq_asterion
Depths:2: cheibrodos_poisonous_passages, layout_basic, hell_entry,
          lemuel_statue_altar, serial_bayou_shore_b,
          infiniplex_staircase_zigzag_5
Depths:3: minmay_skeleton_keep, layout_small_grid, pan_entry,
          hangedman_decor_riveting, abyss_entry, grunt_hell_entry_dis_old,
          serial_shops, nicolae_shop_statue_plus, ebering_dispersal_statue_hall,
          uniq_mara
Depths:4: dpeg_oklob_gauntlet, layout_cave_pools, minmay_misc_feat_plants,
          hangedman_coc_ice_floe, nicolae_abyss_entry_one_way_or_another
Depths:5: grunt_crosshair, layout_small_grid, enter_ziggurat_b,
          lightli_too_deep, serial_shops, nicolae_shop_waterfront,
          hangedman_decor_diamond_cutter, minivault_16, serial_bayou_shore_b,
          serial_bayou_shore_b, serial_bayou_shore_b
Zot:1:    layout_basic
Zot:2:    kennysheep_oblong_rooms, layout_basic
Zot:3:    layout_onion, hangedman_zot_wheel_spokes, grunt_megastairs_2
Zot:4:    layout_misc_corridors
Zot:5:    layout_misc_corridors

Skill      XL: |  1  2  3  4  5  6  7  8  9 10 11 12 13 14 15 16 17 18 19 20 21 22 23 24 25 26 27 |
---------------+----------------------------------------------------------------------------------+-----
Long Blades    | 5 6 7 8 9 11 12 13 14 15 16 17 18 19 20 21 22 23 24 25 | 25.2
Fighting       | 4 5 6 7 9 11 12 13 14 15 16 17 18 19 20 22 | 22.3
Armour         | 1 3 5 7 9 10 11 12 13 14 15 16 17 18 19 20 21 | 21.8
Shields        | 3 5 7 9 10 11 14 15 | 15.0
Dodging        | 4 6 7 8 9 10 11 12 13 14 15 16 | 16.0
Evocations     | 1 4 5 |  5.0
Invocations    | 4 7 8 10 11 12 13 20 | 20.4
Throwing       | |  2.0

Action                   |  1- 3 |  4- 6 |  7- 9 | 10-12 | 13-15 | 16-18 | 19-21 | 22-24 | 25-27 || total
-------------------------+-------+-------+-------+-------+-------+-------+-------+-------+-------++-------
Melee: Long sword        |    72 |       |       |       |     2 |       |       |       |       ||    74
       Dagger            |    34 |    66 |       |       |       |       |       |       |       ||   100
       Short sword       |       |   136 |   358 |  1056 |  1505 |   334 |       |       |       ||  3389
       Great sword       |       |       |       |       |       |  1655 |  1840 |  1995 |  2079 ||  7569
Throw: Throwing net      |       |       |       |       |       |     9 |     2 |       |     1 ||    12
Invok: Greater Servant o |       |       |       |       |       |       |     1 |       |     1 ||     2
 Abil: Dig               |     1 |     1 |     8 |    13 |    24 |    57 |     7 |    11 |    77 ||   199
       Evoke Flight      |       |       |       |       |       |       |     6 |       |       ||     6
Evoke: Wand              |       |       |       |     4 |    44 |    39 |    27 |     3 |       ||   117
       Tin of tremorston |       |       |       |       |       |       |     4 |       |       ||     4
  Use: Potion            |     1 |       |     1 |     6 |       |    14 |    10 |     3 |    15 ||    50
       Scroll            |       |       |       |    20 |     2 |    11 |    20 |     8 |    13 ||    74
 Stab: Paralysed         |       |       |       |     7 |     5 |    14 |       |     2 |       ||    28
       Confused          |       |       |       |       |     2 |       |       |     2 |       ||     4
       Held in net/web   |       |       |       |       |       |     2 |     1 |       |       ||     3
       Invisible         |       |       |       |       |       |     4 |     1 |       |       ||     5
       Distracted        |       |       |       |       |       |       |     2 |       |     1 ||     3
       Petrified         |       |       |       |       |       |       |       |     2 |       ||     2
  Eat: Chunk             |       |     8 |    11 |    22 |    27 |    32 |    14 |     4 |     9 ||   127
       Ration            |       |       |       |     2 |     1 |    10 |     9 |     8 |    19 ||    49
Armor: Leather armour    |    23 |    17 |       |       |       |       |       |       |       ||    40
       Skin              |     3 |       |     1 |    24 |       |       |       |       |       ||    28
       Scale mail        |       |    25 |   121 |     7 |       |       |       |       |       ||   153
       Plate armour      |       |       |       |   433 |   443 |    85 |       |       |       ||   961
       Ice dragon scales |       |       |       |       |       |   915 |    29 |       |       ||   944
       Fire dragon scale |       |       |       |       |       |       |   446 |   443 |   450 ||  1339
Dodge: Dodged            |    51 |    86 |   174 |   285 |   391 |  1158 |   614 |   642 |   725 ||  4126
Block: Buckler           |       |       |       |    58 |   182 |   457 |    15 |       |       ||   712
       Kite shield       |       |       |       |       |       |       |   996 |   996 |   885 ||  2877
       Reflection        |       |       |       |       |       |       |    51 |    32 |    13 ||    96
       Rpst.: Long sword |     8 |       |       |       |       |       |       |       |       ||     8
       Great sword       |       |       |       |       |       |   227 |   115 |   107 |   121 ||   570
